Map: Blueshift LE

Players

Kelazhur

  • Race: Terran Terran
  • League: Master
  • Spawn Location: 1:00

Reynor - Winner!

  • Race: Zerg Zerg
  • League: Master
  • Spawn Location: 7:00

Event: HomeStory Cup XVIII

VOD

Have the link to the VOD?

Description

Time

  • Played on: Nov. 22, 2018, 2:52 p.m.
  • Length: 8:16

All games in this series

Show
View Real Time Build Order
Export as new Build Order

Kelazhur Terran 

Build Orders: Reaper Expand, Banshee Rush 

Get SALT Encoding   

  12  0:00  SCV  
  13  0:12  SCV  
  14  0:17  Supply Depot  
  14  0:25  SCV  
  15  0:39  SCV  
  15  0:42  Barracks  
  16  0:43  Refinery  
  16  0:51  SCV  
  17  1:03  SCV  
  18  1:15  SCV  
  19  1:28  Reaper, Orbital Command  
  20  1:39  Command Center  
  20  1:50  Supply Depot  
  21  1:54  SCV  
  21  2:00  Marine  
  22  2:06  Factory  
  22  2:08  SCV  
  22  2:14  Refinery  
  23  2:20  SCV  
  23  2:21  Barracks Reactor  
  24  2:35  SCV  
  25  2:48  SCV  
  26  2:53  Starport  
  26  2:55  Orbital Command  
  26  3:01  SCV  
  26  3:02  Hellion x2  
  31  3:10  Barracks Tech Lab  
  31  3:16  SCV  
  32  3:22  SCV  
  32  3:24  Hellion x2  
  37  3:29  SCV  
  38  3:36  Cloaking Field, Banshee  
  38  3:38  SCV  
  42  3:53  SCV x2  
  43  4:05  SCV x2  
  43  4:07  Command Center  
  43  4:08  Barracks Tech Lab  
  45  4:11  Barracks  
  45  4:16  Factory Reactor, Barracks  
  45  4:17  SCV  
  45  4:20  Supply Depot  
  46  4:27  SCV  
  46  4:29  SCV  
  48  4:33  Supply Depot, Engineering Bay  
  48  4:35  Banshee  
  51  4:39  SCV  
  51  4:41  SCV  
  50  4:57  SCV x2  
  42  5:00  Terran Infantry Weapons Level 1  
  42  5:06  Marine  
  43  5:07  Stimpack  
  43  5:09  SCV x2  
  42  5:14  Engineering Bay  
  42  5:15  Marine  
  42  5:16  Marine  
  42  5:18  Marine  
  42  5:21  SCV  
  46  5:26  Marine x2, SCV  
  45  5:33  Marine  
  45  5:35  Orbital Command  
  46  5:37  SCV  
  46  5:38  Starport Reactor  
  46  5:40  Marine  
  48  5:46  Marine x2  
  48  5:47  SCV  
  48  5:48  Siege Tank  
  54  5:52  Terran Infantry Armor Level 1  
  54  5:54  SCV  
  54  5:55  Marine  
  56  6:00  Marine x2  
  56  6:01  SCV x2  
  60  6:05  Marine  
  60  6:06  Marine  
  60  6:08  SCV  
  63  6:11  Refinery  
  63  6:13  Refinery, SCV  
  64  6:20  Medivac x2  
  64  6:21  SCV  
  64  6:24  Marine x2  
  71  6:25  SCV  
  71  6:29  Marine x2  
  71  6:32  Supply Depot  
  74  6:33  SCV  
  74  6:35  Armory  
  74  6:38  SCV  
  73  6:45  SCV  
  74  6:50  SCV  
  74  6:53  Marine x4  
  79  6:56  Medivac  
  79  6:57  Medivac, SCV  
  84  7:02  SCV  
  84  7:04  Marine, Orbital Command  
  84  7:07  Siege Tank  
  89  7:09  SCV  
  89  7:11  Barracks  
  89  7:12  Barracks  
  89  7:14  SCV  
  91  7:18  Marine  
  91  7:21  SCV  
  91  7:22  Marine  
  93  7:24  Supply Depot  
  93  7:32  Missile Turret, Marine x2  
  93  7:33  SCV x2  
  93  7:35  Marauder  
  93  7:36  SCV  
  100  7:44  Supply Depot  
  100  7:45  SCV  
  100  7:47  SCV  
  100  7:50  Marine x2  
  107  7:51  Supply Depot, Marine  
  107  7:52  Marine  
Show
View Real Time Build Order
Export as new Build Order

Reynor Zerg - Winner!

Build Orders: Hatch First 

Get SALT Encoding   

  12  0:00  Drone  
  13  0:12  Overlord  
  13  0:16  Drone  
  14  0:30  Drone  
  14  0:31  Drone  
  16  0:49  Hatchery  
  15  0:51  Drone  
  15  0:55  Drone  
  17  0:58  Drone  
  18  1:08  Extractor  
  17  1:14  Spawning Pool  
  17  1:17  Drone  
  17  1:20  Drone  
  18  1:27  Drone  
  19  1:38  Drone  
  20  2:00  Queen, Hatchery  
  21  2:03  Zergling x2  
  21  2:04  Zergling x2  
  23  2:12  Queen  
  25  2:16  Drone  
  25  2:21  Overlord  
  26  2:26  Drone  
  28  2:30  Drone  
  28  2:39  Metabolic Boost  
  28  2:42  Queen  
  30  2:45  Drone  
  30  2:46  Drone  
  30  2:49  Drone  
  33  2:51  Drone  
  33  2:56  Drone  
  33  2:57  Drone  
  36  3:07  Overlord  
  36  3:15  Drone x2  
  36  3:16  Queen, Drone  
  36  3:18  Zergling x2  
  42  3:26  Drone x2  
  44  3:28  Zergling x4  
  44  3:29  Drone x2  
  44  3:33  Overlord  
  48  3:35  Zergling x2  
  48  3:39  Overlord  
  49  3:46  Drone  
  49  3:48  Zergling x2  
  50  3:51  Queen  
  50  3:52  Overlord  
  51  3:56  Zergling x2  
  51  3:57  Drone  
  51  3:58  Drone x2  
  51  4:00  Drone x2  
  55  4:05  Zergling x4  
  55  4:06  Zergling x2  
  55  4:08  Zergling x2  
  55  4:09  Zergling x2  
  60  4:14  Extractor  
  60  4:15  Drone  
  60  4:16  Drone  
  61  4:18  Drone  
  62  4:26  Drone  
  62  4:27  Drone  
  62  4:29  Drone  
  62  4:31  Spore Crawler  
  64  4:32  Drone x2  
  64  4:33  Drone  
  64  4:35  Overlord  
  64  4:37  Zergling x4  
  69  4:39  Drone  
  69  4:41  Spore Crawler  
  69  4:49  Drone x2  
  69  4:50  Drone, Zergling x4  
  65  5:00  Drone x2, Evolution Chamber  
  65  5:02  Lair  
  65  5:03  Drone x5, Spore Crawler  
  70  5:07  Evolution Chamber  
  69  5:15  Drone x7  
  76  5:24  Zergling x2  
  76  5:26  Zergling x2  
  76  5:27  Overlord  
  75  5:32  Extractor  
  75  5:33  Zerg Missile Weapons Level 1, Roach Warren, Zerg Ground Armor Level 1  
  75  5:35  Drone x3  
  76  5:36  Drone  
  76  5:37  Drone x2  
  76  5:38  Extractor  
  76  5:39  Extractor, Drone  
  76  5:41  Extractor  
  77  5:43  Drone  
  77  5:44  Queen  
  77  5:45  Drone, Zergling x2  
  77  5:47  Overlord  
  82  5:50  Drone x2  
  82  5:54  Zergling x4  
  82  5:56  Spore Crawler  
  83  6:00  Overlord  
  83  6:02  Overseer  
  82  6:12  Glial Reconstitution  
  83  6:20  Overlord  
  83  6:21  Roach  
  83  6:22  Roach x9  
  102  6:27  Roach  
  102  6:30  Roach  
  102  6:32  Overlord  
  106  6:39  Roach  
  112  6:40  Roach x3  
  112  6:41  Overlord  
  112  6:42  Hatchery  
  112  6:45  Drone  
  112  6:46  Overlord x2  
  114  6:52  Overlord  
  114  6:53  Roach  
  113  7:00  Roach x3  
  119  7:05  Overlord  
  119  7:07  Ravager x4  
  125  7:08  Roach  
  125  7:11  Roach  
  125  7:14  Roach  
  129  7:16  Roach x6  
  129  7:19  Roach x2  
  145  7:23  Overlord  
  145  7:25  Roach x2  
  145  7:28  Ravager x2  
  145  7:29  Zergling x2  
  152  7:31  Roach  
  152  7:34  Overlord  
  152  7:36  Overseer  
  154  7:39  Overlord  
  154  7:42  Ravager  
  154  7:43  Ravager, Roach  
  158  7:45  Roach x2  
  158  7:48  Overlord  
  158  7:51  Overlord  
  162  7:55  Roach x6  
  162  7:56  Ravager  
  162  7:57  Ravager  
Tags
 
Add a new tag
Caveats
  • Supply blocks, unpowered buildings, or Contaminate may cause inaccurate times.
  • Supply counts are checked every 10 seconds.